 Dungeon Crawl Stone Soup version 0.23.2-40-g277498a001 (webtiles) character file.

Game seed: 9218317120375425241

181 FishyPogo the Chiller (level 5, -1/24 HPs)
             Began as a Vine Stalker Ice Elementalist on Aug 23, 2019.
             Was a Follower of Vehumet.
             Slain by a hobgoblin
             ... wielding a +0 club
              (4 damage)
             ... on level 3 of the Dungeon.
             The game lasted 00:11:21 (1815 turns).

FishyPogo the Chiller (VSIE)                        Turns: 1815, Time: 00:11:22

Health: -1/24      AC:  2    Str: 11    XL:     5   Next: 61%
Magic:  0/10       EV: 13    Int: 16    God:    Vehumet [*.....]
Gold:   104        SH:  0    Dex: 14    Spells: 2/10 levels left

rFire    . . .     SeeInvis .   n - +3 whip
rCold    . . .     Gourm    .   (no shield)
rNeg     . . .     Faith    .   a - +0 robe
rPois    .         Spirit   +   (no helmet)
rElec    .         Reflect  .   (no cloak)
rCorr    .         Harm     .   (no gloves)
MR       .....                  (no boots)
Stlth    ++........             (no amulet)
HPRegen  0.48/turn              (no ring)
MPRegen  0.12/turn              (no ring)

@: no status effects
A: fangs 2, regeneration 1, magic shield, antimagic bite, no potion heal 3, rot
immunity
a: Renounce Religion


You were on level 3 of the Dungeon.
You worshipped Vehumet.
Vehumet was aware of your devotion.
You were not hungry.

You visited 1 branch of the dungeon, and saw 3 of its levels.

You collected 104 gold pieces.

Inventory:

Hand Weapons
 n - a +3 whip (weapon)
Missiles
 h - 72 stones (quivered)
Armour
 a - a +0 robe (worn)
 p - a +0 shield
Wands
 m - a wand of iceblast (12)
Scrolls
 e - 2 scrolls of identify {unknown}
 f - 3 scrolls of magic mapping {unknown}
 g - 4 scrolls of remove curse {unknown}
 j - a scroll of enchant armour {unknown}
 k - a scroll of teleportation {unknown}
 l - a scroll of enchant weapon {unknown}
Potions
 d - 3 potions of curing
 i - a potion of lignification {unknown}
 o - a potion of magic {unknown}
Comestibles
 b - 10 chunks of flesh
 c - 5 rations


   Skills:
 + Level 0.3 Fighting
 + Level 2.6 Dodging
 - Level 3.0 Stealth
 + Level 3.0 Spellcasting
 - Level 1.0 Conjurations
 * Level 4.8 Ice Magic


You had 2 spell levels left.
You knew the following spells:

 Your Spells              Type           Power        Failure   Level  Hunger
a - Freeze                Ice            ###.         2%          1    #......
b - Throw Frost           Conj/Ice       ##....       9%          2    ##.....
c - Flame Tongue          Conj/Fire      #....        16%         1    #......
d - Throw Icicle          Conj/Ice       ##......     50%         4    #####..

Your spell library contained the following spells:

 Spells                   Type           Power        Failure   Level  Hunger
 Ozocubu's Armour         Chrm/Ice       ##......     21%         3    ###....
 Summon Ice Beast         Ice/Summ       ##......     56%         4    #####..


Dungeon Overview and Level Annotations

Branches:
Dungeon (3/15)

Altars:
Ashenzari
Trog
Vehumet

Annotations:
D:3 Grinder, Terence


Innate Abilities, Weirdness & Mutations

You have extremely sharp teeth.
Your natural rate of healing is unusually fast.
When hurt, damage is shared between your health and your magic reserves.
Your bite disrupts and absorbs the magic of your enemies.
Potions cannot restore your health.
You are immune to rotting.


Message History

Casting: Flame Tongue (safe; 16% risk of failure)
Confirm with . or Enter, or press ? or * to list all spells.
Aiming: Flame Tongue (safe; 16% risk of failure)
Press: ? - help, Shift-Dir - straight line, f/p - ice beast
Aim: an ice beast (lightly wounded)
The flame tongue hits the ice beast!
The ice beast melts!
The ice beast is heavily wounded.
The ice beast misses you. The hobgoblin closely misses you.
Casting: Flame Tongue (safe; 16% risk of failure)
Confirm with . or Enter, or press ? or * to list all spells.
Aiming: Flame Tongue (safe; 16% risk of failure)
Press: ? - help, Shift-Dir - straight line, f/p - ice beast
Aim: an ice beast (heavily wounded)
The flame tongue hits the ice beast but does no damage.
The ice beast is heavily wounded.
The ice beast hits you. The ice beast freezes you!
Ouch! That really hurt!
* * * LOW HITPOINT WARNING * * *
The hobgoblin hits you with a +0 club.
You die...

................รท......#........#
##)#########..########.#.....#.#.
...........#..# #.#.........
####..........# #.#.....#.#.
######.#.## #.#........# #.#.
#.###.#.#.## #.... ##)#.._..#.##
#.....#### #....#.###...
#>...Jg@Y###..##..###.##
#.....##............#.## ##...
#########........ ##. ##......) #
.....#.#### ######## # #


You could see an ice beast, an ooze and a hobgoblin.

Vanquished Creatures
  An orc priest (D:3)
  Ijyb (D:3)
  An orc wizard (D:3)
  A hound skeleton (D:2)
  An adder (D:2)
  2 worms
  2 dart slugs (D:1)
  A leopard gecko (D:3)
  9 orcs
  8 bats
  2 giant cockroaches (D:3)
  7 goblins
  4 hobgoblins
  4 jackals (D:2)
  3 kobolds (D:1)
  A quokka (D:3)
  2 frilled lizards
  4 rats
54 creatures vanquished.

Notes
Turn   | Place    | Note
-------+----------+-------------------------------------------
     0 | D:1      | FishyPogo the Vine Stalker Ice Elementalist began the quest
                  | for the Orb.
     0 | D:1      | Reached XP level 1. HP: 9/9 MP: 4/4
     0 | D:1      | Noticed a large abomination
     0 | D:1      | Noticed an iron dragon
     0 | D:1      | Noticed an orb of fire
     2 | D:1      | Noticed a yellow draconian
     2 | D:1      | Noticed a tentacled monstrosity
     4 | D:1      | Noticed an ice dragon
     5 | D:1      | Noticed an orb of fire
     7 | D:1      | Noticed an iron dragon
     8 | D:1      | Noticed a large abomination
    10 | D:1      | Noticed an ice dragon
    14 | D:1      | Noticed a red draconian
    14 | D:1      | Noticed a large abomination
    16 | D:1      | Noticed a tentacled monstrosity
    18 | D:1      | Noticed an orb of fire
    18 | D:1      | Noticed a shadow dragon
   231 | D:1      | Reached XP level 2. HP: 12/13 MP: 3/6
   382 | D:1      | Learned a level 2 spell: Throw Frost
   685 | D:2      | Reached XP level 3. HP: 11/16 MP: 3/7
   725 | D:2      | Found a radiant altar of Vehumet.
   731 | D:2      | Became a worshipper of Vehumet
  1117 | D:2      | Reached skill level 4 in Ice Magic
  1117 | D:2      | Gained mutation: Your natural rate of healing is unusually
                  | fast. [Vine Stalker growth]
  1117 | D:2      | Reached XP level 4. HP: 12/21 MP: 9/9
  1299 | D:2      | Learned a level 4 spell: Throw Icicle
  1362 | D:3      | Noticed Terence
  1487 | D:3      | Reached XP level 5. HP: 11/24 MP: 2/10
  1588 | D:3      | Reached * piety under Vehumet
  1588 | D:3      | Offered knowledge of Flame Tongue by Vehumet.
  1593 | D:3      | Learned a level 1 spell: Flame Tongue
  1613 | D:3      | Found a bloodstained altar of Trog.
  1686 | D:3      | Found a shattered altar of Ashenzari.
  1708 | D:3      | Noticed Grinder
  1737 | D:3      | Noticed Ijyb
  1753 | D:3      | Killed Ijyb
  1754 | D:3      | Noticed an ice beast
  1815 | D:3      | Slain by a hobgoblin

Skill      XL: |  1  2  3  4 |
---------------+-------------+-----
Stealth        | 3 |  3.0
Dodging        | 2 |  2.6
Ice Magic      | 4 |  4.8
Spellcasting   | 3 |  3.0
Fighting       | |  0.3
Conjurations   | |  1.0

Action                   |  1- 3 |  4- 6 || total
-------------------------+-------+-------++-------
Melee: Unarmed           |    45 |       ||    45
       Bite              |    13 |    12 ||    25
       Whip              |     9 |    60 ||    69
Throw: Stone             |     9 |       ||     9
 Cast: Freeze            |    44 |    15 ||    59
       Throw Frost       |     8 |     7 ||    15
       Flame Tongue      |       |     5 ||     5
  Use: Potion            |       |     3 ||     3
 Stab: Sleeping          |     5 |     1 ||     6
  Eat: Chunk             |     2 |     2 ||     4
Armor: Robe              |    19 |    10 ||    29
Dodge: Dodged            |    51 |    45 ||    96
